 Dungeon Crawl Stone Soup version 0.28.0-53-g5a82cb258f (webtiles) character file.

Game seed: 3197071207078700719

931 bnorton916 the Magician (level 7, -3/36 HPs)
             Began as a Deep Elf Fire Elementalist on May 31, 2022.
             Was an Initiate of Sif Muna.
             Killed by divine providence
             ... invoked by an orc priest
              (13 damage)
             ... on level 5 of the Dungeon.
             The game lasted 00:07:22 (6891 turns).

bnorton916 the Magician (DEFE)                      Turns: 6891, Time: 00:07:23

Health: -3/36      AC:  5    Str: 11    XL:     7   Next: 86%
Magic:  15/19      EV: 12    Int: 22    God:    Sif Muna [......]
Gold:   1050       SH:  0    Dex: 15    Spells: 17/20 levels left

rFire   . . .      SeeInvis .   s - staff of conjuration
rCold   . . .      Faith    .   (no shield)
rNeg    . . .      Spirit   .   a - +0 robe
rPois   .          Reflect  .   (no helmet)
rElec   .          Harm     .   (no cloak)
rCorr   .          Rampage  .   q - +2 pair of gloves {hurl}
Will    .....                   (no boots)
Stlth   +.........              (no amulet)
HPRegen 0.12/turn               h - +6 ring of strength
MPRegen 0.16/turn               (no ring)

@: confused
A: no striking features
a: Renounce Religion


You were on level 5 of the Dungeon.
You worshipped Sif Muna.
Sif Muna was noncommittal.
You visited 2 branches of the dungeon, and saw 6 of its levels.

You collected 1050 gold pieces.

Inventory:

Hand Weapons
 i - a +1 dagger of draining
 l - the +11 plutonium sword {Contam Stlth-}
   (You found it on level 4 of the Dungeon)

   It occasionally inflicts wild transmutation effects on those it strikes,
   inflicting malmutation or extra damage, or polymorphing them into a new form.
   Contam:    It causes magical contamination when unequipped.
   Stlth:     It makes you less stealthy.
Missiles
 c - 128 stones
 e - 8 boomerangs
 p - 2 poisoned darts (quivered)
Armour
 a - a +0 robe (worn)
 n - an orb of energy
 q - a +2 pair of gloves of hurling (worn)
Magical Staves
 s - a staff of conjuration (weapon)
Jewellery
 h - a +6 ring of strength (left hand)
Scrolls
 b - a scroll of blinking {unknown}
 d - a scroll of identify
 f - a scroll of noise {unknown}
 m - 2 scrolls of enchant armour
 r - a scroll of immolation {unknown}
 t - a scroll of enchant weapon {unknown}
Potions
 g - 3 potions of curing
 j - a potion of resistance {unknown}
 k - 2 potions of lignification {unknown}
 o - a potion of cancellation {unknown}
 u - a potion of mutation {unknown}


   Skills:
 - Level 2.4 Dodging
 - Level 2.4 Stealth
 + Level 7.4 Spellcasting
 + Level 5.7 Conjurations
 + Level 6.5 Fire Magic


You had 17 spell levels left.
You knew the following spells:

 Your Spells              Type           Power      Damage    Failure   Level
a - Foxfire               Conj/Fire      100%       2x1d9     1%          1
b - Scorch                Fire           74%        2d9       1%          2

Your spell library contained the following spells:

 Spells                   Type           Power      Damage    Failure   Level
 Conjure Flame            Conj/Fire      51%        6-21      1%          3
 Inner Flame              Hex/Fire       22%        N/A       6%          3
 Flame Wave               Conj/Fire      51%        2d10      6%          4


Dungeon Overview and Level Annotations

Branches:
Dungeon (5/15)             Temple (1/1) D:5

Altars:
Ashenzari
Cheibriados
Dithmenos
Elyvilon
Fedhas
Gozag
Hepliaklqana
Kikubaaqudgha
Makhleb
Nemelex Xobeh
Okawaru
Qazlal
Ru
Sif Muna
Trog
Uskayaw
Wu Jian
Xom
Yredelemnul
Zin
The Shining One

Annotations:
D:3 3 runed translucent doors, nickcage's ghost, amateur DsAK


Message History

Sif Muna accepts your kill.
An orc comes into view. It is wielding a +0 whip.
A centaur zombie comes into view.
Casting: Scorch (safe; 1% risk of failure)
Confirm with . or Enter, or press ? or * to list all spells.
You feel a surge of power!
You conjure some foxfire!
The foxfire hits something.
The foxfire hits something but does no damage.
You hear some strange, mumbled words.
Something tries to affect you, but you resist.
Casting: Foxfire (safe; 1% risk of failure)
Confirm with . or Enter, or press ? or * to list all spells.
You feel a surge of power!
You conjure some foxfire!
Something completely misses you.
An orc priest comes into view. It is wielding a +0 hand axe.
Something hits you.
Your foxfire dissipates!
The foxfire hits something.
A magic dart appears from out of thin air!
The magic dart hits you.
You hear some strange, mumbled words.
You are confused.
You're too confused to move!
You bump into the rock wall.
The orc priest calls down the wrath of Beogh upon you.
Beogh smites you!
You hear some strange, mumbled words.
A puff of flame appears from out of thin air!
The puff of flame hits you!
* * * LOW HITPOINT WARNING * * *
You feel less confused.
The orc priest looks encouraged for a moment.
You hear some strange, mumbled words.
You are confused.
Something hits you but does no damage.
An orc wizard appears from thin air!
Reactivating autopickup.
The orc priest calls down the wrath of Beogh upon you.
Beogh smites you!
You die...

##..# #..# #....... ##.## #..#
#..>.... ##.#### #..#####
#..P.... ###.....#
###...(..###.....## ##......##
###.........##.###### #......o##
#...........#..#
#......#.###.............##
#......#.o#...........[.## #
#.....###..oZo.@........# ##
##.....# ##..............## ##.
#.....## #................# #..
#....## #................# ##.#
#....# ##...............#####...
##..## #..............#####.....
#### ###...............##.......
####..................(.#.....
####...#.....<....####...###.....


You could see an orc priest, an orc wizard, an orc and a centaur zombie.

Vanquished Creatures
  A water moccasin (D:5)
  A black bear (D:3)
  A necrophage (D:4)
  A phantom (D:4)
  A kobold brigand (D:4)
  2 scorpions
  A water moccasin zombie (D:5)
  A bullfrog zombie (D:5)
  A centaur skeleton (D:4)
  A hound (D:5)
  4 orc wizards
  A howler monkey zombie (D:5)
  An adder (D:4)
  4 gnolls (D:4)
  An adder zombie (D:5)
  7 dart slugs
  7 orcs
  8 bats
  4 endoplasms
  2 giant cockroaches
  4 goblins
  4 hobgoblins
  10 jackals
  3 kobolds
  A quokka (D:1)
  7 ball pythons
  3 frilled lizards (D:1)
  2 rats (D:3)
84 creatures vanquished.

Vanquished Creatures (others)
  354 foxfires
354 creatures vanquished.

Grand Total: 438 creatures vanquished

Notes
Turn   | Place    | Note
-------+----------+-------------------------------------------
     0 | D:1      | bnorton916 the Deep Elf Fire Elementalist began the quest
                  | for the Orb.
     0 | D:1      | Reached XP level 1. HP: 10/10 MP: 6/6
   108 | D:1      | Reached XP level 2. HP: 9/15 MP: 5/8
   655 | D:1      | Found a faded altar of an unknown god.
   917 | D:1      | Reached XP level 3. HP: 19/19 MP: 6/10
  1946 | D:2      | Reached skill level 4 in Spellcasting
  2060 | D:2      | Found a sparkling altar of Nemelex Xobeh.
  2631 | D:3      | Found a runed translucent gate.
  2631 | D:3      | Found a runed translucent gate.
  2631 | D:3      | Found a runed translucent gate.
  2638 | D:3      | Noticed nickcage's ghost (amateur DsAK)
  2850 | D:3      | Learned a level 2 spell: Scorch
  2880 | D:3      | Reached XP level 4. HP: 23/24 MP: 7/12
  3741 | D:4      | Found the +11 plutonium sword {Contam Stlth-}
  3852 | D:4      | Noticed a necrophage
  3869 | D:4      | Killed a necrophage
  3870 | D:4      | Reached skill level 5 in Spellcasting
  3870 | D:4      | Reached XP level 5. HP: 24/28 MP: 6/14
  4117 | D:4      | Reached skill level 5 in Fire Magic
  4117 | D:4      | Reached XP level 6. HP: 32/32 MP: 9/16
  4641 | D:4      | Reached skill level 6 in Spellcasting
  4720 | D:5      | Entered Level 5 of the Dungeon
  4741 | D:5      | Noticed a water moccasin
  4761 | D:5      | Killed a water moccasin
  4762 | D:5      | Reached XP level 7. HP: 13/36 MP: 11/18
  4893 | D:3      | Identified a scroll of acquirement
  4893 | D:3      | Acquired 902 gold pieces
  5415 | D:5      | Reached skill level 5 in Conjurations
  5876 | D:4      | Reached skill level 7 in Spellcasting
  6190 | D:5      | Found a staircase to the Ecumenical Temple.
  6199 | Temple   | Entered the Ecumenical Temple
  6521 | Temple   | Became a worshipper of Sif Muna the Loreminder
  6891 | D:5      | Killed from afar by an orc priest

Illustrated notes

Levels and vault maps discovered:
D:1:      lemuel_arrival_rhombus, layout_loops_ring,
          dreamdust_ecumenical_altar_statues, minmay_misc_feat_four_crosses,
          hangedman_decor_diamond_cutter, minmay_statues_item,
          grunt_decor_clamped
D:2:      layout_basic, basic_altar
D:3:      layout_loops_ring, gammafunk_ghost_necromancy, serial_bayou_pond_e,
          hangedman_feature_mirror
D:4:      layout_basic
D:5:      layout_cave_pods, minmay_temple_entry_overgrown
Temple:   mainiacjoe_temple_hex_bubbles

Skill      XL: |  1  2  3  4  5  6  7 |
---------------+----------------------+-----
Conjurations   | 2 3 4 5 |  5.7
Spellcasting   | 4 5 6 7 |  7.4
Fire Magic     | 4 5 6 |  6.5
Dodging        | |  2.4
Stealth        | |  2.4

Action                   |  1- 3 |  4- 6 |  7- 9 || total
-------------------------+-------+-------+-------++-------
Throw: Dart              |       |     2 |       ||     2
 Cast: Foxfire           |   140 |    50 |    31 ||   221
       Scorch            |     2 |    11 |    17 ||    30
  Use: Scroll            |       |       |     3 ||     3
       Potion            |       |       |     1 ||     1
Armor: Robe              |     4 |       |    19 ||    23
Dodge: Dodged            |    11 |     9 |    28 ||    48
